TOP OF THE 1ST |
Tennessee Smokies batting - Pitching for Reading Fightin Phils : RHP Tony Ferreira
|
Pitching: RHP Tony Ferreira
|
|
Batting: LHB Nate Greening
|
0-0: Ball 1-0: Foul Ball, location: 2F 1-1: Ball 2-1: Foul Ball, location: 2F 2-2: Strikes out looking
|
Batting: RHB Du Kim
|
0-0: Ball 1-0: Ground out 6-3 (Groundball, 6, EV 98.8 MPH)
|
Batting: LHB Daigo Ishii
|
0-0: Ball 1-0: Ball 2-0: Ground out 4-3 (Groundball, 4, EV 99.4 MPH)
|
Top of the 1st over - 0 runs, 0 hits, 0 errors, 0 left on base; Tennessee 0 - Reading 0 |
BOTTOM OF THE 1ST |
Reading Fightin Phils batting - Pitching for Tennessee Smokies : RHP Roberto Cruz
|
Pitching: RHP Roberto Cruz
|
|
Batting: RHB Chris Myers
|
0-0: Called Strike 0-1: Ball 1-1: Foul Ball, location: 2F 1-2: Foul Ball, location: 2F 1-2: Ball 2-2: Foul Ball, location: 2F 2-2: DOUBLE (Flyball, 8LXD, EV 102.5 MPH)
|
Batting: RHB Greg Herzig
|
0-0: Called Strike 0-1: Ball 1-1: Ball 2-1: Foul Ball, location: 2F 2-2: Fly out, F9 (Flyball, 9D, EV 81.9 MPH) Runner from 2nd tags up, SAFE at 3rd, no throw by RF
|
Batting: RHB Guan-pei Gao
|
0-0: Ground out U3 (Groundball, 3, EV 86.2 MPH)
|
Batting: RHB John Manocchio
|
0-0: Ball 1-0: Ball 2-0: Ball 3-0: Base on Balls
|
Batting: RHB Mike Bell
|
0-0: Swinging Strike 0-1: Ball 1-1: Fly out, F3 (Popup, 3SF, EV 75.6 MPH)
|
Bottom of the 1st over - 0 runs, 1 hit, 0 errors, 2 left on base; Tennessee 0 - Reading 0 |
TOP OF THE 2ND |
Tennessee Smokies batting - Pitching for Reading Fightin Phils : RHP Tony Ferreira
|
Batting: RHB Ricky Ramirez
|
0-0: Called Strike 0-1: Ground out 5-3 (Groundball, 56S, EV 66.2 MPH)
|
Batting: RHB Juan Bonilla
|
0-0: Ball 1-0: Foul Ball, location: 2F 1-1: Ground out 4-3 (Groundball, 4S, EV 64.4 MPH)
|
Batting: RHB Armando Vilano
|
0-0: Swinging Strike 0-1: Foul Ball, location: 2F 0-2: Ball 1-2: Strikes out looking
|
Top of the 2nd over - 0 runs, 0 hits, 0 errors, 0 left on base; Tennessee 0 - Reading 0 |
BOTTOM OF THE 2ND |
Reading Fightin Phils batting - Pitching for Tennessee Smokies : RHP Roberto Cruz
|
Pitching: RHP Bogdan Sdobnyakov
|
|
Batting: RHB David Clough
|
0-0: Called Strike 0-1: Ball 1-1: DOUBLE (Line Drive, 9LD, EV 109.4 MPH)
|
Batting: RHB Jake Cox
|
0-0: Foul Ball, location: 2F 0-1: Ball 1-1: Ball 2-1: Ground out 6-3 (Groundball, 6, EV 96.9 MPH)
|
Batting: RHB Mike Meeker
|
0-0: Ball 1-0: Ball 2-0: Called Strike 2-1: Ball 3-1: Base on Balls
|
Batting: RHB Victor Arias
|
0-0: Ball 1-0: Ball 2-0: Ball 3-0: Called Strike 3-1: Foul Ball, location: 2F 3-2: Base on Balls David Clough to third Mike Meeker to second
|
Pitching: RHP Anastagio Fasola
|
|
Batting: RHB Chris Myers
|
0-0: Called Strike 0-1: Ball 1-1: Ball 2-1: Foul Ball, location: 2F 2-2: Foul Ball, location: 2F 2-2: Foul Ball, location: 2F 2-2: Foul Ball, location: 2F 2-2: Foul Ball, location: 2F 2-2: Ball 3-2: Strikes out swinging
|
Batting: RHB Greg Herzig
|
0-0: Ball 1-0: Ball 2-0: Ball 3-0: Called Strike 3-1: Foul Ball, location: 2F 3-2: Ground out 5-3 (Groundball, 56, EV 88.1 MPH)
|
Bottom of the 2nd over - 0 runs, 1 hit, 0 errors, 3 left on base; Tennessee 0 - Reading 0 |
TOP OF THE 3RD |
Tennessee Smokies batting - Pitching for Reading Fightin Phils : RHP Tony Ferreira
|
Batting: RHB Taylor Garofalo
|
0-0: Foul Ball, location: 2F 0-1: Foul Ball, location: 2F 0-2: Ground out U3 (Groundball, 34, EV 100.6 MPH)
|
Batting: RHB Dylan Burke
|
0-0: Called Strike 0-1: Swinging Strike 0-2: Strikes out swinging
|
Batting: RHB Denis Rachin
|
0-0: Ball 1-0: Ground out 5-3 (Groundball, 15, EV 86.2 MPH)
|
Top of the 3rd over - 0 runs, 0 hits, 0 errors, 0 left on base; Tennessee 0 - Reading 0 |
BOTTOM OF THE 3RD |
Reading Fightin Phils batting - Pitching for Tennessee Smokies : RHP Anastagio Fasola
|
Batting: RHB Guan-pei Gao
|
0-0: Called Strike 0-1: Ball 1-1: Swinging Strike 1-2: Ball 2-2: Ground out 5-3 (Groundball, 5, EV 80.6 MPH)
|
Pitching: LHP Ricardo Saucedo
|
|
Batting: RHB John Manocchio
|
0-0: Ball 1-0: Ball 2-0: Ball 3-0: Foul Ball, location: 2F 3-1: Base on Balls
|
Batting: RHB Mike Bell
|
0-0: Ball 1-0: Foul Ball, location: 2F 1-1: Ball 2-1: Foul Ball, location: 2F 2-2: Ball 3-2: SINGLE (Groundball, 6, EV 99.4 MPH) John Manocchio to second
|
Batting: RHB David Clough
|
0-0: Ball 1-0: Ball 2-0: Ball 3-0: Called Strike 3-1: Base on Balls John Manocchio to third Mike Bell to second
|
Batting: RHB Jake Cox
|
0-0: Swinging Strike 0-1: Called Strike 0-2: Fly out, F8 (Flyball, 8RD, EV 94.4 MPH)
|
Pitching: RHP Velimir Sljivancanin
|
|
Batting: RHB Mike Meeker
|
0-0: Called Strike 0-1: Ball 1-1: Ball 2-1: Foul Ball, location: 2F 2-2: Foul Ball, location: 2F 2-2: GRAND SLAM HOME RUN (Flyball, 9LD, EV 91.2 MPH), Distance : 326 ft
|
Batting: RHB Victor Arias
|
0-0: Called Strike 0-1: Called Strike 0-2: SINGLE (Flyball, 78S, EV 88.1 MPH)
|
Batting: RHB Chris Myers
|
0-0: Ball Victor Arias steals 2nd base 1-0: Called Strike 1-1: Ball 2-1: Called Strike 2-2: Foul Ball, location: 2F 2-2: Ball 3-2: Foul Ball, location: 2F 3-2: SINGLE (Groundball, 56, EV 104.4 MPH) (infield hit) Victor Arias to third
|
Batting: RHB Greg Herzig
|
0-0: Called Strike 0-1: Ball 1-1: Ball 2-1: Ball 3-1: Base on Balls Chris Myers to second
|
Pitching: RHP Jose Ramirez
|
|
Batting: RHB Guan-pei Gao
|
0-0: Ball 1-0: Ball 2-0: DOUBLE (Line Drive, 9LM, EV 93.8 MPH) Victor Arias scores Chris Myers scores Greg Herzig to third
|
Batting: RHB John Manocchio
|
0-0: SINGLE (Groundball, 5D, EV 96.9 MPH) Greg Herzig scores Guan-pei Gao to third Runner from 3rd tries for Home, SAFE, throw by LF to home
|
Batting: RHB Mike Bell
|
0-0: Called Strike 0-1: Foul Ball, location: 2F 0-2: Ball 1-2: Ball 2-2: SINGLE (Line Drive, 9S, EV 103.1 MPH) John Manocchio to second
|
Batting: RHB David Clough
|
0-0: Ball 1-0: Ball 2-0: Ball 3-0: Base on Balls John Manocchio to third Mike Bell to second
|
Batting: RHB Jake Cox
|
0-0: Called Strike 0-1: Ball 1-1: Swinging Strike 1-2: Ball 2-2: Ball 3-2: Foul Ball, location: 2F 3-2: Fly out, F7 (Flyball, 7LS, EV 81.9 MPH)
|
Bottom of the 3rd over - 8 runs, 7 hits, 0 errors, 3 left on base; Tennessee 0 - Reading 8 |
TOP OF THE 4TH |
Tennessee Smokies batting - Pitching for Reading Fightin Phils : RHP Tony Ferreira
|
Batting: LHB Nate Greening
|
0-0: Ball 1-0: Called Strike 1-1: Foul Ball, location: 2F 1-2: Ball 2-2: Ball 3-2: Base on Balls
|
Batting: RHB Du Kim
|
0-0: Called Strike Nate Greening is caught stealing 2nd base 2-4 0-1: Ball 1-1: Ball 2-1: Ball 3-1: Fly out, F7 (Line Drive, 7S, EV 103.8 MPH)
|
Batting: LHB Daigo Ishii
|
0-0: Called Strike 0-1: Ball 1-1: Ball 2-1: Ball 3-1: Ground out 5-3 (Groundball, 56, EV 81.2 MPH)
|
Top of the 4th over - 0 runs, 0 hits, 0 errors, 0 left on base; Tennessee 0 - Reading 8 |
BOTTOM OF THE 4TH |
Reading Fightin Phils batting - Pitching for Tennessee Smokies : RHP Jose Ramirez
|
Batting: RHB Mike Meeker
|
0-0: Ball 1-0: Ball 2-0: Foul Ball, location: 2F 2-1: Swinging Strike 2-2: Ball 3-2: Foul Ball, location: 2F 3-2: SINGLE (Groundball, 56D, EV 105.0 MPH)
|
Batting: RHB Victor Arias
|
0-0: Called Strike 0-1: Swinging Strike 0-2: Ball Wild Pitch! Mike Meeker to second 1-2: Reached on error, E8 (Flyball, 8RM, EV 90.0 MPH) Mike Meeker to third
|
Batting: RHB Chris Myers
|
0-0: Called Strike 0-1: Ball 1-1: SINGLE (Groundball, 25, EV 70.6 MPH) (infield hit) Victor Arias to second
|
Batting: RHB Greg Herzig
|
0-0: Called Strike 0-1: Ball Wild Pitch! Mike Meeker scores Victor Arias to third Chris Myers to second 1-1: Foul Ball, location: 2F 1-2: Ball 2-2: Ball 3-2: SINGLE (Groundball, 56D, EV 96.9 MPH) Victor Arias scores Chris Myers to third
|
Pitching: LHP Emir Jalil
|
|
Batting: RHB Guan-pei Gao
|
0-0: Ball 1-0: Ball 2-0: Ball 3-0: Called Strike 3-1: Base on Balls Greg Herzig to second
|
Batting: RHB John Manocchio
|
0-0: Called Strike 0-1: Ball 1-1: Foul Ball, location: 2F 1-2: SINGLE (Groundball, 34D, EV 98.8 MPH) Chris Myers scores Greg Herzig to third Guan-pei Gao to second Runner from 3rd tries for Home, SAFE, throw by RF to home
|
Batting: RHB Mike Bell
|
0-0: Ball 1-0: Ball 2-0: Ball 3-0: Called Strike 3-1: Fly out, F8 (Flyball, 78S, EV 91.2 MPH)
|
Batting: RHB David Clough
|
0-0: Called Strike 0-1: Ball 1-1: SINGLE (Flyball, 89S, EV 93.1 MPH) Guan-pei Gao to third John Manocchio to second
|
Batting: RHB Jake Cox
|
0-0: Called Strike 0-1: Ball 1-1: Called Strike 1-2: Strikes out looking
|
Pitching: RHP Alvaro Romero
|
|
Batting: RHB Mike Meeker
|
0-0: Ball Wild Pitch! Guan-pei Gao scores John Manocchio to third David Clough to second 1-0: Ball 2-0: Ball 3-0: Called Strike 3-1: Base on Balls
|
Batting: RHB Victor Arias
|
0-0: Ball 1-0: Fly out, F2 (Popup, 2LF, EV 91.9 MPH)
|
Bottom of the 4th over - 5 runs, 5 hits, 1 error, 3 left on base; Tennessee 0 - Reading 13 |
TOP OF THE 5TH |
Tennessee Smokies batting - Pitching for Reading Fightin Phils : RHP Tony Ferreira
|
Batting: RHB Ricky Ramirez
|
0-0: Ball 1-0: Called Strike 1-1: Foul Ball, location: 2F 1-2: Strikes out swinging
|
Batting: RHB Juan Bonilla
|
0-0: Foul Ball, location: 2F 0-1: Called Strike 0-2: Foul Ball, location: 2F 0-2: Foul Ball, location: 2F 0-2: Ball 1-2: Ball 2-2: Foul Ball, location: 2F 2-2: Strikes out looking
|
Batting: RHB Armando Vilano
|
0-0: Swinging Strike 0-1: Foul Ball, location: 2F 0-2: Foul Ball, location: 2F 0-2: Ball 1-2: Ball 2-2: SINGLE (Groundball, 4D, EV 100.0 MPH)
|
Batting: RHB Taylor Garofalo
|
0-0: Called Strike 0-1: Swinging Strike 0-2: Ball 1-2: Ball 2-2: Foul Ball, location: 2F 2-2: Fly out, F9 (Flyball, 9D, EV 110.0 MPH)
|
Top of the 5th over - 0 runs, 1 hit, 0 errors, 1 left on base; Tennessee 0 - Reading 13 |
BOTTOM OF THE 5TH |
Reading Fightin Phils batting - Pitching for Tennessee Smokies : RHP Alvaro Romero
|
Batting: RHB Chris Myers
|
0-0: Ball 1-0: Called Strike 1-1: Swinging Strike 1-2: SINGLE (Groundball, 6MD, EV 104.4 MPH)
|
Batting: RHB Greg Herzig
|
0-0: Ball 1-0: Foul Ball, location: 2F 1-1: Ball 2-1: Ball 3-1: SINGLE (Groundball, 4S, EV 72.5 MPH) (infield hit) Chris Myers to second
|
Batting: RHB Guan-pei Gao
|
0-0: Reached on error, E6 (Groundball, 6, EV 110.0 MPH) Chris Myers to third Greg Herzig to second
|
Batting: RHB John Manocchio
|
0-0: Ball 1-0: GRAND SLAM HOME RUN (Flyball, 9LD, EV 93.1 MPH), Distance : 341 ft
|
Pitching: RHP Roy Battist
|
|
Batting: RHB Mike Bell
|
0-0: Called Strike 0-1: Called Strike 0-2: Ball 1-2: Strikes out looking
|
Batting: RHB David Clough
|
0-0: Foul Ball, location: 2F 0-1: Ball 1-1: Ball 2-1: Foul Ball, location: 2F 2-2: Ball 3-2: Foul Ball, location: 2F 3-2: SOLO HOME RUN (Flyball, 7D, EV 94.4 MPH), Distance : 363 ft
|
Batting: RHB Jake Cox
|
0-0: Ball 1-0: Ball 2-0: Fly out, F8 (Flyball, 8RD, EV 91.2 MPH)
|
Batting: RHB Mike Meeker
|
0-0: Swinging Strike 0-1: Ball 1-1: Foul Ball, location: 2F 1-2: Hit by Pitch
|
Batting: RHB Victor Arias
|
0-0: Ball 1-0: Foul Ball, location: 2F 1-1: Ball 2-1: Ball 3-1: Base on Balls Mike Meeker to second
|
Batting: RHB Chris Myers
|
0-0: Ball 1-0: Called Strike 1-1: Swinging Strike 1-2: Ball 2-2: Foul Ball, location: 2F 2-2: Ball 3-2: Base on Balls Mike Meeker to third Victor Arias to second
|
Batting: RHB Greg Herzig
|
0-0: Ball 1-0: Called Strike 1-1: Ball 2-1: Foul Ball, location: 2F 2-2: Fly out, F8 (Flyball, 89M, EV 80.6 MPH)
|
Bottom of the 5th over - 5 runs, 4 hits, 1 error, 3 left on base; Tennessee 0 - Reading 18 |
TOP OF THE 6TH |
Tennessee Smokies batting - Pitching for Reading Fightin Phils : RHP Tony Ferreira
|
Batting: RHB Dylan Burke
|
0-0: Ground out 6-3 (Groundball, 6, EV 81.9 MPH)
|
Batting: RHB Denis Rachin
|
0-0: Ball 1-0: Foul Ball, location: 2F 1-1: Ball 2-1: Ball 3-1: DOUBLE (Line Drive, 89D, EV 105.6 MPH)
|
Batting: LHB Nate Greening
|
0-0: Swinging Strike 0-1: Ball 1-1: Ball 2-1: Called Strike 2-2: Strikes out swinging
|
Batting: RHB Du Kim
|
0-0: Called Strike 0-1: Foul Ball, location: 2F 0-2: Ball 1-2: Foul Ball, location: 2F 1-2: Ball 2-2: Ball 3-2: Strikes out looking
|
Top of the 6th over - 0 runs, 1 hit, 0 errors, 1 left on base; Tennessee 0 - Reading 18 |
BOTTOM OF THE 6TH |
Reading Fightin Phils batting - Pitching for Tennessee Smokies : RHP Roy Battist
|
Batting: RHB Guan-pei Gao
|
0-0: Ball 1-0: Swinging Strike 1-1: DOUBLE (Line Drive, 9LM, EV 101.9 MPH)
|
Batting: RHB John Manocchio
|
0-0: Ball 1-0: Foul Ball, location: 2F 1-1: Ball 2-1: Foul Ball, location: 2F 2-2: Ground out 5-3 (Groundball, 5S, EV 93.1 MPH)
|
Batting: RHB Mike Bell
|
0-0: Called Strike 0-1: Ball 1-1: Swinging Strike 1-2: Ball 2-2: Hit by Pitch
|
Batting: RHB David Clough
|
0-0: Called Strike 0-1: Ball 1-1: Foul Ball, location: 2F 1-2: Ball 2-2: Foul Ball, location: 2F 2-2: Ball 3-2: Foul Ball, location: 2F 3-2: Foul Ball, location: 2F 3-2: Base on Balls Guan-pei Gao to third Mike Bell to second
|
Batting: RHB Jake Cox
|
0-0: Ball 1-0: Swinging Strike 1-1: Ball Passed Ball! Guan-pei Gao scores Mike Bell to third David Clough to second 2-1: Foul Ball, location: 2F 2-2: DOUBLE (Flyball, 8RXD, EV 96.2 MPH) Mike Bell scores David Clough scores
|
Batting: RHB Mike Meeker
|
0-0: Ball 1-0: Ball 2-0: Ball 3-0: Called Strike 3-1: Swinging Strike 3-2: Base on Balls
|
Batting: RHB Victor Arias
|
0-0: Ball 1-0: Ball 2-0: Foul Ball, location: 2F 2-1: Ball 3-1: Base on Balls Jake Cox to third Mike Meeker to second
|
Batting: RHB Chris Myers
|
0-0: Called Strike 0-1: Swinging Strike 0-2: Foul Ball, location: 2F 0-2: Hit by Pitch Jake Cox scores Mike Meeker to third Victor Arias to second
|
Batting: RHB Greg Herzig
|
0-0: Ball 1-0: Ball 2-0: Called Strike 2-1: Foul Ball, location: 2F 2-2: Ball 3-2: Foul Ball, location: 2F 3-2: Reached on error, E6 (Groundball, 6, EV 100.6 MPH) Mike Meeker scores Victor Arias to third Chris Myers to second
|
Batting: RHB Guan-pei Gao
|
0-0: SINGLE (Line Drive, 34D, EV 94.4 MPH) Victor Arias scores Chris Myers to third Greg Herzig to second
|
Batting: RHB John Manocchio
|
0-0: Grounds into double play, 6-4-3 (Groundball, 6, EV 99.4 MPH)
|
Bottom of the 6th over - 6 runs, 3 hits, 1 error, 2 left on base; Tennessee 0 - Reading 24 |
TOP OF THE 7TH |
Tennessee Smokies batting - Pitching for Reading Fightin Phils : RHP Tony Ferreira
|
Batting: LHB Daigo Ishii
|
0-0: Called Strike 0-1: Ball 1-1: Foul Ball, location: 2F 1-2: SINGLE (Groundball, 6MD, EV 109.4 MPH) (infield hit)
|
Batting: RHB Ricky Ramirez
|
0-0: Ball 1-0: Ball 2-0: Called Strike 2-1: Foul Ball, location: 2F 2-2: Foul Ball, location: 2F 2-2: Foul Ball, location: 2F 2-2: Foul Ball, location: 2F 2-2: Strikes out swinging
|
Pitching: RHP Ian Savary
|
|
Batting: RHB Juan Bonilla
|
0-0: Ball 1-0: Ball Daigo Ishii steals 2nd base (no throw) 2-0: Fly out, F9 (Line Drive, 89M, EV 98.1 MPH)
|
Batting: RHB Armando Vilano
|
0-0: Called Strike 0-1: Ball 1-1: Ball 2-1: Foul Ball, location: 2F 2-2: Ball 3-2: Strikes out swinging
|
Top of the 7th over - 0 runs, 1 hit, 0 errors, 1 left on base; Tennessee 0 - Reading 24 |
BOTTOM OF THE 7TH |
Reading Fightin Phils batting - Pitching for Tennessee Smokies : RHP Roy Battist
|
Batting: RHB Mike Bell
|
0-0: Called Strike 0-1: SINGLE (Groundball, 6S, EV 95.0 MPH)
|
Batting: RHB David Clough
|
0-0: DOUBLE (Groundball, 5L, EV 101.9 MPH) Mike Bell to third
|
Pinch Hitting: SHB Marco de Leon
|
0-0: Ball 1-0: Ball 2-0: Called Strike 2-1: Ball 3-1: Base on Balls
|
Batting: RHB Mike Meeker
|
0-0: Ball 1-0: Foul Ball, location: 2F 1-1: Ball 2-1: SINGLE (Flyball, 7S, EV 92.5 MPH) Mike Bell scores David Clough to third Marco de Leon to second
|
Batting: RHB Victor Arias
|
0-0: Fly out, F8 (Flyball, 78M, EV 91.9 MPH)
|
Batting: RHB Chris Myers
|
0-0: Ball 1-0: Ball 2-0: Called Strike 2-1: Ball 3-1: SINGLE (Line Drive, 5D, EV 106.9 MPH) David Clough scores Marco de Leon to third Mike Meeker to second Runner from 3rd tries for Home, SAFE, throw by LF to home
|
Batting: RHB Greg Herzig
|
0-0: Ball 1-0: Called Strike 1-1: Ball 2-1: Ball 3-1: Base on Balls Mike Meeker to third Chris Myers to second
|
Pinch Hitting: RHB Alberto Ramirez
|
0-0: Fly out, F9 (Flyball, 9LSF, EV 83.8 MPH)
|
Batting: RHB John Manocchio
|
0-0: Ground out 1-3 (Groundball, P, EV 68.8 MPH)
|
Bottom of the 7th over - 3 runs, 4 hits, 0 errors, 3 left on base; Tennessee 0 - Reading 27 |
TOP OF THE 8TH |
Tennessee Smokies batting - Pitching for Reading Fightin Phils : RHP Ian Savary
|
Now at 2B: Marco de Leon
|
|
Now in RF: Alberto Ramirez
|
|
Batting: RHB Taylor Garofalo
|
0-0: Ball 1-0: Foul Ball, location: 2F 1-1: Ball 2-1: Foul Ball, location: 2F 2-2: Strikes out swinging
|
Batting: RHB Dylan Burke
|
0-0: Ball 1-0: Swinging Strike 1-1: Ball 2-1: Ball 3-1: Called Strike 3-2: Base on Balls
|
Batting: RHB Denis Rachin
|
0-0: Ball 1-0: Ball 2-0: Foul Ball, location: 2F 2-1: Foul Ball, location: 2F 2-2: Strikes out swinging
|
Batting: LHB Nate Greening
|
0-0: Called Strike 0-1: Ball 1-1: Called Strike 1-2: Strikes out looking
|
Top of the 8th over - 0 runs, 0 hits, 0 errors, 1 left on base; Tennessee 0 - Reading 27 |
BOTTOM OF THE 8TH |
Reading Fightin Phils batting - Pitching for Tennessee Smokies : RHP Roy Battist
|
Batting: RHB Mike Bell
|
0-0: SOLO HOME RUN (Line Drive, 78XD, EV 99.4 MPH), Distance : 405 ft
|
Batting: RHB David Clough
|
0-0: Ball 1-0: Ball 2-0: Ball 3-0: Called Strike 3-1: Base on Balls
|
Batting: SHB Marco de Leon
|
0-0: Ball 1-0: Ball 2-0: Called Strike 2-1: Ball 3-1: Base on Balls David Clough to second
|
Batting: RHB Mike Meeker
|
0-0: Grounds into double play, 4-6-3 (Groundball, 34, EV 86.2 MPH) David Clough to third
|
Batting: RHB Victor Arias
|
0-0: Ground out U3 (Groundball, 3, EV 100.6 MPH)
|
Bottom of the 8th over - 1 run, 1 hit, 0 errors, 1 left on base; Tennessee 0 - Reading 28 |
TOP OF THE 9TH |
Tennessee Smokies batting - Pitching for Reading Fightin Phils : RHP Ian Savary
|
Batting: RHB Du Kim
|
0-0: Called Strike 0-1: Ball 1-1: Foul Ball, location: 2F 1-2: Ball 2-2: Strikes out swinging
|
Batting: LHB Daigo Ishii
|
0-0: Ball 1-0: Called Strike 1-1: Foul Ball, location: 2F 1-2: Ball 2-2: Strikes out swinging
|
Batting: RHB Ricky Ramirez
|
0-0: Foul Ball, location: 2F 0-1: Ball 1-1: Foul Ball, location: 2F 1-2: Foul Ball, location: 2F 1-2: Foul Ball, location: 2F 1-2: Strikes out swinging
|
Top of the 9th over - 0 runs, 0 hits, 0 errors, 0 left on base; Tennessee 0 - Reading 28 |
|